 Dungeon Crawl Stone Soup version 0.27-a0-732-ga892ba84f6 (webtiles) character file.

Game seed: 18194913944080420649

93 Hasart the Magician (level 4, -8/32 HPs)
             Began as a Djinni Fire Elementalist on Mar 23, 2021.
             Was an Initiate of Makhleb.
             Mangled by an iguana (11 damage)
             ... on level 4 of the Dungeon.
             The game lasted 00:06:22 (2622 turns).

Hasart the Magician (Djinni Fire Elementalist)      Turns: 2622, Time: 00:06:23

Health: -8/32      AC:  2    Str:  7    XL:     4   Next: 62%
Magic:  0/0        EV: 16    Int: 18    God:    Makhleb [......]
Gold:   72         SH:  0    Dex: 13    Spells: 0/10 levels left

rFire    + + .     SeeInvis .   b - +0 dagger
rCold    x . .     Faith    .   (no shield)
rNeg     . . .     Spirit   .   a - +0 robe
rPois    ∞         Reflect  .   (no helmet)
rElec    .         Harm     .   (no cloak)
rCorr    .         Rampage  .   (no gloves)
Will     .....                  (boots unavailable)
Stlth    ++........             (no amulet)
HPRegen  0.10/turn              e - +4 ring of evasion
MPRegen  0.00/turn              (no ring)

@: flying
A: fire resistance 2, cold vulnerability 1, float, innate caster, hp casting,
extra vitality 1
a: Renounce Religion


You were on level 4 of the Dungeon.
You worshipped Makhleb.
Makhleb was noncommittal.
You visited 1 branch of the dungeon, and saw 4 of its levels.

You collected 72 gold pieces.

Inventory:

Hand Weapons
 b - a +0 dagger (weapon)
Armour
 a - a +0 robe (worn)
Jewellery
 e - a +4 ring of evasion (right hand)
 h - a ring of protection from fire
Scrolls
 d - 2 scrolls of identify {unknown}
 f - a scroll of fear {unknown}
Potions
 c - a potion of mutation {unknown}
 g - 2 potions of curing {unknown}
 i - a potion of flight {unknown}
 j - a potion of haste {unknown}
 k - a potion of invisibility {unknown}
 l - a potion of brilliance {unknown}


   Skills:
 + Level 1.0 Fighting
 + Level 3.0 Dodging
 - Level 2.0 Stealth
 * Level 3.8 Spellcasting


You couldn't memorise any spells.
You knew the following spells:

 Your Spells              Type           Power      Damage    Failure   Level
a - Foxfire               Conj/Fire      68%        2x1d7     3%          1
b - Conjure Flame         Conj/Fire      17%        6-21      10%         3
c - Inner Flame           Hex/Fire       17%        N/A       10%         3
d - Sticky Flame          Conj/Fire      17%        2d4       30%         4
e - Fireball              Conj/Fire      8%         3d6       65%         5
f - Beastly Appendage     Tmut           34%        N/A       3%          1
Your spell library was empty.

Dungeon Overview and Level Annotations

Branches:
Dungeon (4/15)
 Temple: D:4-7

Altars:
Gozag
Makhleb
Okawaru


Innate Abilities, Weirdness & Mutations

You are immune to poison.
Your flesh is very heat resistant. (rF++)
You are vulnerable to cold. (rC-)
You float through the air rather than walking.
You learn spells naturally, not from books.
Your magical power is your life essence.
You have superior vitality. (+4 HP)


Message History

Unknown command.
Casting: Foxfire (safe; 3% risk of failure)
Confirm with . or Enter, or press ? or * to list all spells.
You conjure some foxfire!
The foxfire hits the iguana but does no damage.
The iguana is heavily wounded.
The iguana bites you.
Unknown command.
Unknown command.
Casting: Foxfire (safe; 3% risk of failure)
Confirm with . or Enter, or press ? or * to list all spells.
You conjure some foxfire!
The foxfire hits the iguana but does no damage.
The iguana is heavily wounded.
The iguana bites you.
Unknown command.
Casting: Foxfire (safe; 3% risk of failure)
Confirm with . or Enter, or press ? or * to list all spells.
You conjure some foxfire!
The foxfire hits the iguana but does no damage.
The iguana is heavily wounded.
The iguana bites you!
* * * LOW HITPOINT WARNING * * *
Your foxfire dissipates!
The foxfire hits the iguana.
The iguana is severely wounded.
Unknown command.
A giant cockroach comes into view.
Casting: Foxfire (safe; 3% risk of failure)
Confirm with . or Enter, or press ? or * to list all spells.
You conjure some foxfire!
* * * LOW HITPOINT WARNING * * *
The foxfire hits the giant cockroach.
The giant cockroach is heavily wounded.
The iguana bites you.
* * * LOW HITPOINT WARNING * * *
You hit the giant cockroach.
The giant cockroach is severely wounded.
The iguana bites you!
You die...

# ..#
##########....#
#........$.....
######.###....#
#.##########.#
.##
#.....B@l....#
##############


You could see an iguana and a giant cockroach.

Vanquished Creatures
  3 adders
  An adder skeleton (D:4)
  A worm (D:2)
  A dart slug (D:2)
  3 orcs (D:3)
  3 ball pythons (D:1)
  7 goblins
  2 hobgoblins
  7 jackals
  4 kobolds
  7 oozes
  A quokka (D:2)
  4 bats
  2 frilled lizards (D:1)
  5 rats
51 creatures vanquished.

Vanquished Creatures (others)
  119 foxfires
119 creatures vanquished.

Grand Total: 170 creatures vanquished

Notes
Turn   | Place    | Note
-------+----------+-------------------------------------------
     0 | D:1      | Hasart the Djinni Fire Elementalist began the quest for the
                  | Orb.
     0 | D:1      | Reached XP level 1. HP: 15/15 MP: 0/0
   348 | D:1      | Reached XP level 2. HP: 20/21 MP: 0/0
  1156 | D:2      | Reached XP level 3. HP: 22/25 MP: 0/0
  1156 | D:2      | Learned a level 1 spell: Beastly Appendage
  1296 | D:2      | Found a faded altar of an unknown god.
  1458 | D:2      | Found an iron altar of Okawaru.
  1568 | D:2      | Found an opulent altar of Gozag.
  2032 | D:2      | Reached XP level 4. HP: 30/31 MP: 0/0
  2285 | D:3      | Found a burning altar of Makhleb.
  2296 | D:3      | Reached skill level 1 in Fighting
  2304 | D:3      | Became a worshipper of Makhleb the Destroyer
  2339 | D:3      | Noticed an orc warrior
  2622 | D:4      | Mangled by an iguana

Illustrated notes

Levels and vault maps discovered:
D:1:      matt_arrival_grand_opening, layout_basic
D:2:      layout_basic, lemuel_doored_altar, chequers_ecumenical_altar_lobes,
          okawaru_trees_1
D:3:      layout_rooms, general_overflow_altar, uniq_sigmund
D:4:      layout_loops_ring, uniq_duvessa, uniq_crazy_yiuf_cottage, uniq_pikel

Skill      XL: |  1  2  3  4 |
---------------+-------------+-----
Spellcasting   | 3 |  3.8
Stealth        | 2 |  2.0
Dodging        | 3 |  3.0
Fighting       | 1 |  1.0

Action                   |  1- 3 |  4- 6 || total
-------------------------+-------+-------++-------
Melee: Dagger            |       |     2 ||     2
 Cast: Foxfire           |    62 |    24 ||    86
Armor: Robe              |     5 |       ||     5
Dodge: Dodged            |    20 |     5 ||    25

Table legend: (Time is in decaauts)
 A = Elapsed time spent in this place.
 B = Non-inter-level travel time spent in this place.
 C = Inter-level travel time spent in this place.
 D = Time resting spent in this place.
 E = Time spent auto-exploring this place.
 F = Levels seen in this place.
 G = Mean time per level.
                   A        B        C        D        E       F      G
               +--------+--------+--------+--------+--------+-----+--------+
         Total |   2620 |   2585 |     35 |    234 |   1965 |   4 |  655.0 |
       Dungeon |   2620 |   2585 |     35 |    234 |   1965 |   4 |  655.0 |
               +--------+--------+--------+--------+--------+-----+--------+

Top non-repeatable levels by time:
     D:2: 1158 daAuts
     D:1: 1125 daAuts
     D:4: 267 daAuts
     D:3: 68 daAuts
